 Dungeon Crawl Stone Soup version 0.20-a0 (webtiles) character file.

355642 tboon the Executioner (level 21, -10/199 HPs)
             Began as a Minotaur Fighter on Oct 25, 2016.
             Was the Champion of Okawaru.
             Killed from afar by a deep elf elementalist (40 damage)
             ... with a freezing blast
             ... on level 5 of the Vaults on Oct 27, 2016.
             The game lasted 04:00:40 (46987 turns).

tboon the Executioner (Minotaur Fighter)           Turns: 46987, Time: 04:00:41

Health: -10/199    AC: 41    Str: 28    XL:     21   Next: 38%
Magic:  27/29      EV: 10    Int: 11    God:    Okawaru [******]
Gold:   4007       SH: 26    Dex: 11    Spells: 0 memorised, 20 levels left

rFire  . . .     SeeInvis +     F - +8 mithril axe "Arga" {speed, MR+}
rCold  . . .     Gourm    .     C - +2 crystal plate armour
rNeg   . . .     Faith    .     Y - +2 shield
rPois  +         Spirit   .     U - +2 hat of Vitic {MR+ Int+2}
rElec  .         Reflect  +     N - +0 cloak {rPois}
rCorr  .         Harm     .     x - +1 pair of gloves
MR     ++++.                    q - +0 pair of boots
Stlth  ..........               O - +5 amulet of reflection
                                m - ring of see invisible
                                B - ring of protection from magic

@: heroism, very slightly contaminated, hasted, very quick
A: retaliatory headbutt, horns 2, clever 1
a: Heroism, Finesse, Renounce Religion
}: 2/15 runes: serpentine, barnacled


You were on level 5 of the Vaults.
You worshipped Okawaru.
Okawaru was exalted by your worship.
You were hungry.

You visited 6 branches of the dungeon, and saw 36 of its levels.

You collected 4400 gold pieces.
You spent 393 gold pieces at shops.

Inventory:

Hand Weapons
 b - the +2 executioner's axe of Okawaru's Delight {antimagic, SInv}
   (Okawaru gifted it to you on level 3 of the Shoals)

   It reduces the magical energy of the wielder, and disrupts the spells and
   magical abilities of those hit.
   Natural abilities and divine invocations are not affected.
   It lets you see invisible.
 F - the +8 mithril axe "Arga" (weapon) {speed, MR+}
   (You found it on level 3 of the Lair of Beasts)

   Attacks with this weapon are significantly faster.
   It affects your resistance to hostile enchantments.
 P - a +3 morningstar of protection
Armour
 q - a +0 pair of boots (worn)
 x - a +1 pair of gloves (worn)
 C - a +2 crystal plate armour (worn)
 I - a +2 cloak
 N - a +0 cloak of poison resistance (worn)
 U - the +2 hat of Vitic (worn) {MR+ Int+2}
   (Okawaru gifted it to you on level 2 of the Snake Pit)

   It affects your intelligence (+2).
   It affects your resistance to hostile enchantments.
 Y - a +2 shield (worn)
Jewellery
 d - an uncursed ring of poison resistance
 m - a ring of see invisible (right hand)
 B - a ring of protection from magic (left hand)
 O - a +5 amulet of reflection (around neck)
Wands
 c - a wand of disintegration (3/24)
 l - a wand of digging (22/24)
 Q - a wand of teleportation (6/9)
 W - a wand of digging (9/24)
Scrolls
 g - 4 scrolls of fear
 j - 9 scrolls of recharging
 n - 21 scrolls of remove curse
 p - a scroll of blinking
 r - 3 scrolls of fog
 u - 5 scrolls of amnesia
 w - a scroll of summoning
 y - 3 scrolls of magic mapping
 A - 8 scrolls of teleportation
 D - a scroll of silence
 L - a scroll of brand weapon {unknown}
 X - 8 scrolls of enchant weapon
Potions
 i - 4 potions of curing
 o - a potion of haste
 s - 2 potions of cure mutation
 t - 3 potions of brilliance
 v - 9 potions of agility
 E - 8 potions of might
 H - 3 potions of resistance
 M - 8 potions of flight
 R - 4 potions of berserk rage
 V - 2 potions of cancellation
 Z - 2 potions of invisibility
Comestibles
 f - 19 bread rations
 h - a beef jerky
 k - 6 royal jellies
 z - 14 meat rations
 T - a fruit


   Skills:
 + Level 19.6(24.6) Fighting
 + Level 23.3(27) Axes
 + Level 19.8(24.8) Armour
 * Level 21.4(26.4) Shields
 - Level 12.6 Invocations


You had 20 spell levels left.
You didn't know any spells.

Dungeon Overview and Level Annotations

Branches:
Dungeon (15/15)            Temple (0/1) D:6            Lair (6/6) D:10
 Shoals (4/4) Lair:3        Snake (4/4) Lair:4        Slime (0/5) Lair:6
    Orc (2/2) D:10            Elf (0/3) Orc:2        Vaults (5/5) D:13
  Crypt (0/3) Vaults:3     Depths (0/5) D:15

Altars:
Hepliaklqana
Nemelex Xobeh
Okawaru
Qazlal
Sif Muna
Trog
Vehumet
Xom
Yredelemnul
The Shining One
Jiyva

Shops:
Orc:2 *[(=[   Shoals:3 *   Snake:1 :   Snake:3 !   Vaults:4 !

Portals:
Trove: D:15 (give horn of Geryon)

Annotations:
Vaults:5 Jorgrun


Innate Abilities, Weirdness & Mutations

You reflexively headbutt those who attack you in melee.
You have a pair of horns on your head.
Your mind is acute. (Int +2)


Message History

Okawaru accepts your kill.
You slice the vault guard!!
You kill the vault guard!
Okawaru accepts your kill.
You feel better.
A phantasmal warrior comes into view.
You slice the golden dragon!!
You headbutt the golden dragon, but do no damage.
The golden dragon is moderately wounded.
You slash the golden dragon!
The golden dragon is heavily wounded.
The golden dragon bites you but does no damage.
The golden dragon claws you but does no damage.
You block the golden dragon's attack.
You barely miss the golden dragon.
The golden dragon is heavily wounded.
You slice the deep elf elementalist!!
The phantasmal warrior blinks!
The deep elf elementalist casts a spell at you.
The freezing blast hits you!
You die...

##### .
#We)##....
#@De(...#
###)ยง..##
....#
..(..#
..9..#
##...#
...# ####


You could see a golden dragon, a deep elf elementalist, a deep elf high priest
and a phantasmal warrior.

Vanquished Creatures
  Xtahua (Vaults:4)
  Frederick (Vaults:4)
  Nikola (Snake:1)
  Rupert (Snake:1)
  A tentacled monstrosity (Vaults:5)
  An acid blob (Lair:6)
  An eldritch tentacle (Vaults:2)
  A titan (Vaults:5)
  A kraken (Shoals:3)
  Frances (Shoals:1)
  2 sphinxes (Vaults:4)
  Kirke (Lair:4)
  Agnes (Snake:1)
  2 tengu reavers (Vaults:5)
  A storm dragon (Vaults:4)
  A shadow dragon (Vaults:5)
  Roxanne (Snake:2)
  6 nagarajas (Snake:4)
  Ilsuiw (Shoals:3)
  16 vault wardens
  2 frost giants
  Aizul (Snake:1)
  A deep elf sorcerer (Vaults:3)
  A ghoul (Vaults:2)
  12 ironheart preservers
  2 very ugly things
  3 war gargoyles
  8 stone giants
  A deep elf demonologist (Vaults:4)
  A crystal guardian (Vaults:4)
  A deep elf death mage (Vaults:4)
  6 ettins
  4 merfolk javelineers
  A deep elf high priest (Vaults:5)
  11 ogre magi
  11 merfolk impalers
  2 fire dragons
  13 yaktaur captains
  A great orb of eyes (Vaults:3)
  4 hydras
  2 ice dragons
  2 rakshasas
  Harold (D:11)
  Erolcha (D:9)
  10 vault guards
  21 naga warriors
  10 anacondas
  5 death knights
  An alligator snapping turtle (shapeshifter) (Vaults:4)
  A catoblepas (D:15)
  2 dancing weapons
  4 merfolk aquamancers (Shoals:4)
  4 satyrs (Shoals:4)
  7 centaur warriors
  5 merfolk avatars
  The ghost of Pinechild the Slicer, a journeyman VSAs of Okawaru (Orc:2)
  5 death yaks
  2 deep troll earth magi (Vaults:1)
  17 naga sharpshooters
  4 deep elf knights
  5 hell knights (Vaults:5)
  2 shadow wraiths
  7 shock serpents
  3 skeletal warriors (D:10)
  A death drake (shapeshifter) (Vaults:5)
  A salamander mystic (Snake:3)
  3 glowing orange brains
  An entropy weaver zombie (Vaults:3)
  3 unseen horrors
  8 deep trolls (Vaults:1)
  An unseen horror (shapeshifter) (Vaults:1)
  12 sea snakes
  A flayed ghost (Vaults:4)
  5 naga ritualists
  3 wizards
  3 phantasmal warriors
  3 necromancers
  A harpy (shapeshifter) (Vaults:3)
  A lindwurm (Lair:6)
  5 deep elf archers
  9 hill giants
  10 mana vipers
  27 ugly things
  16 ironbrand convokers
  An orb spider (shapeshifter) (Vaults:2)
  A tengu skeleton (Vaults:1)
  Pikel (D:8)
  19 harpies
  The ghost of Hiru the Zephyrmancer, a novice TeAE of Vehumet (D:7)
  3 wolf spiders
  11 orc knights
  3 orc sorcerers
  2 deep elf magi
  An oklob plant (Lair:5)
  22 cyclopes
  29 slime creatures
  A human skeleton (Vaults:3)
  16 manticores
  Maurice (D:9)
  5 salamanders
  23 fauns
  5 water nymphs
  4 elephants (Lair:6)
  2 guardian serpents
  32 black mambas
  13 sirens
  3 centaur zombies
  17 vault sentinels
  A gargoyle (D:13)
  18 naga magi
  12 spiny frogs
  A torpor snail (Lair:6)
  A kobold demonologist (D:12)
  3 komodo dragons
  35 yaktaurs
  2 efreet (D:13)
  6 freezing wraiths
  5 rime drakes
  2 guardian mummies (D:15)
  7 polar bears (Lair:6)
  7 trolls
  A tengu conjurer (D:13)
  A wind drake (shapeshifter) (Vaults:2)
  34 merfolk
  5 wind drakes
  21 blink frogs
  11 hornets
  A two-headed ogre (shapeshifter) (Vaults:2)
  A harpy skeleton (D:15)
  20 two-headed ogres
  A blink frog (shapeshifter) (Vaults:3)
  A raiju (shapeshifter) (Vaults:2)
  9 hippogriffs
  9 snapping turtles
  11 dream sheep
  A stone giant simulacrum (Vaults:3)
  2 tarantellas (shapeshifter)
  15 spriggans (Lair:6)
  A redback (Lair:6)
  3 hogs (Lair:4)
  A wyvern (shapeshifter) (D:13)
  2 wraiths
  4 basilisks
  11 water elementals
  3 wyverns
  50 yaks
  A golden eye (shapeshifter) (Vaults:2)
  2 hungry ghosts
  4 fire bats (Lair:6)
  A mottled dragon (D:11)
  A mottled dragon (shapeshifter) (Vaults:4)
  58 nagas
  2 wargs (Vaults:3)
  A soldier ant (shapeshifter) (Vaults:3)
  A soldier ant (D:9)
  15 water moccasins
  11 porcupines
  24 orc warriors
  3 black bears
  A human zombie (Vaults:1)
  2 phantoms
  7 boggarts
  5 ice beasts
  49 ogres
  2 eyes of draining
  3 sky beasts
  3 slaves (D:8)
  The ghost of Snack the Poker, an amateur MfNe (D:3)
  18 wolves (Lair:6)
  13 centaurs
  9 crocodiles
  3 big kobolds
  2 gnoll sergeants (D:10)
  A wyvern zombie (D:14)
  19 bullfrogs
  5 scorpions
  A wyvern skeleton (D:14)
  A human simulacrum (Vaults:1)
  6 killer bees (D:9)
  15 wights
  2 electric eels (D:14)
  3 howler monkeys
  7 crimson imps
  2 jellies
  A quasit (D:6)
  2 centaur skeletons
  17 orc priests
  2 bullfrog skeletons
  5 hounds
  32 orc wizards
  4 iguanas
  Terence (D:2)
  14 worker ants
  A hound zombie (D:10)
  2 hound skeletons
  A worker ant zombie (D:11)
  18 gnolls
  A howler monkey skeleton (D:7)
  14 adders
  5 shadow imps
  An adder zombie (D:6)
  An adder skeleton (D:5)
  4 worms
  12 dart slugs
  7 leopard geckos
  124 orcs
  4 giant cockroaches
  5 goblins
  10 hobgoblins
  14 jackals
  17 kobolds
  5 quokkas
  A ball python (D:4)
  4 bats
  2 frilled lizards
  A giant cockroach zombie (D:5)
  A leopard gecko zombie (D:7)
  9 rats
  8 fungi
  15 plants
  4 tentacles (Shoals:3)
1572 creatures vanquished.

Vanquished Creatures (others)
  A merfolk javelineer (Shoals:4)
  A satyr (Shoals:4)
  2 naga sharpshooters (Snake:4)
  3 fauns
  A cyclops (Orc:2)
  2 manticores
  A naga mage (Snake:4)
  A guardian serpent (Snake:1)
  9 yaktaurs
  A naga (Snake:1)
  An orc warrior (Orc:1)
  11 centaurs
  A hound zombie (D:8)
  An orc (Orc:1)
  8 fungi
  74 plants
  6 tentacles (Shoals:3)
124 creatures vanquished.

Grand Total: 1696 creatures vanquished

Notes
Turn   | Place    | Note
-------+----------+-------------------------------------------
     0 | D:1      | tboon the Minotaur Fighter began the quest for the Orb.
     0 | D:1      | Reached XP level 1. HP: 19/19 MP: 0/0
   135 | D:1      | Reached XP level 2. HP: 26/27 MP: 1/1
   479 | D:1      | Reached skill level 3 in Axes
   479 | D:1      | Reached XP level 3. HP: 30/33 MP: 2/2
   702 | D:2      | Found a glowing golden altar of the Shining One.
   774 | D:2      | Found a shimmering altar of Xom.
   774 | D:2      | Found a shimmering altar of Xom.
   774 | D:2      | Found a shimmering altar of Xom.
   776 | D:2      | Found a shimmering altar of Xom.
   853 | D:2      | Noticed Terence
   865 | D:2      | Killed Terence
   865 | D:2      | Reached XP level 4. HP: 29/40 MP: 3/3
  1107 | D:2      | Found an iron altar of Okawaru.
  1115 | D:2      | Became a worshipper of Warmaster Okawaru
  1356 | D:2      | Reached skill level 4 in Axes
  1899 | D:3      | Reached XP level 5. HP: 47/47 MP: 4/4
  1986 | D:3      | Noticed Snack's ghost (amateur MfNe)
  1997 | D:3      | Killed Snack's ghost
  1997 | D:3      | Reached skill level 1 in Invocations
  2701 | D:4      | Reached skill level 5 in Armour
  2701 | D:4      | Reached XP level 6. HP: 54/55 MP: 6/6
  2718 | D:4      | Reached * piety under Okawaru
  2962 | D:4      | Found a deep blue altar of Sif Muna.
  3004 | D:4      | Found a radiant altar of Vehumet.
  3037 | D:4      | Reached skill level 5 in Axes
  3094 | D:4      | Reached skill level 5 in Fighting
  3216 | D:4      | Reached skill level 5 in Shields
  3216 | D:4      | Reached XP level 7. HP: 61/61 MP: 7/7
  3796 | D:5      | Entered Level 5 of the Dungeon
  3807 | D:5      | Reached ** piety under Okawaru
  3850 | D:5      | Reached skill level 6 in Axes
  4306 | D:5      | Reached XP level 8. HP: 61/70 MP: 9/9
  4443 | D:5      | Reached skill level 7 in Axes
  4557 | D:5      | Reached *** piety under Okawaru
  5185 | D:6      | Found a bloodstained altar of Trog.
  5196 | D:6      | Reached skill level 8 in Axes
  5319 | D:6      | Found a stormy altar of Qazlal.
  5413 | D:6      | Found a staircase to the Ecumenical Temple.
  5936 | D:7      | Reached XP level 9. HP: 41/78 MP: 11/11
  6213 | D:7      | Reached **** piety under Okawaru
  6525 | D:7      | Found a hazy altar of Hepliaklqana.
  6533 | D:7      | Found a sparkling altar of Nemelex Xobeh.
  6542 | D:7      | Found a basalt altar of Yredelemnul.
  6593 | D:7      | Noticed Hiru's ghost (novice TeAE)
  6611 | D:7      | Killed Hiru's ghost
  6611 | D:7      | Reached skill level 9 in Axes
  7106 | D:8      | Noticed Pikel
  7124 | D:8      | Killed Pikel
  7124 | D:8      | Reached skill level 5 in Invocations
  7129 | D:8      | Reached skill level 10 in Axes
  7340 | D:8      | Reached XP level 10. HP: 80/88 MP: 11/13
  7587 | D:8      | Reached skill level 12 in Axes
  7587 | D:8      | Reached XP level 11. HP: 97/97 MP: 13/15
  7708 | D:9      | Noticed Erolcha
  7736 | D:9      | Killed Erolcha
  7736 | D:9      | Reached ***** piety under Okawaru
  8429 | D:9      | Reached skill level 10 in Armour
  8629 | D:9      | Noticed Maurice
  8643 | D:9      | Killed Maurice
  8852 | D:9      | Reached skill level 10 in Fighting
  8910 | D:9      | Reached skill level 13 in Axes
  8942 | D:10     | Entered Level 10 of the Dungeon
  8942 | D:10     | Found a staircase to the Lair.
  8957 | D:10     | Noticed a hill giant
  8972 | D:10     | Killed a hill giant
  8972 | D:10     | Reached skill level 10 in Shields
  9085 | D:10     | Received a gift from Okawaru
  9606 | D:10     | Found a staircase to the Orcish Mines.
  9755 | D:10     | Noticed a skeletal warrior
  9766 | D:10     | Noticed a skeletal warrior
  9767 | D:10     | Noticed a skeletal warrior
  9808 | D:10     | Killed a skeletal warrior
  9820 | D:10     | Killed a skeletal warrior
  9823 | D:10     | Killed a skeletal warrior
 10120 | D:10     | Noticed a hill giant
 10134 | D:10     | Killed a hill giant
 10134 | D:10     | Reached XP level 12. HP: 86/107 MP: 16/16
 10471 | D:10     | Received a gift from Okawaru
 10596 | Lair:1   | Entered Level 1 of the Lair of Beasts
 10840 | Lair:1   | Reached skill level 14 in Axes
 11255 | Lair:1   | Noticed a six-headed hydra
 11369 | Lair:1   | Killed a six-headed hydra
 12385 | Lair:3   | Noticed a six-headed hydra
 12395 | Lair:3   | Killed a six-headed hydra
 13009 | Lair:3   | Reached skill level 15 in Axes
 13015 | Lair:3   | Reached ****** piety under Okawaru
 13420 | Lair:3   | Reached XP level 13. HP: 110/116 MP: 18/18
 13840 | Lair:3   | Found a staircase to the Shoals.
 13888 | Lair:3   | Noticed a merfolk impaler
 13901 | Lair:3   | Killed a merfolk impaler
 14452 | Lair:4   | Received a gift from Okawaru
 14549 | Lair:4   | Noticed Kirke
 14625 | Lair:4   | Killed Kirke
 15012 | Lair:4   | Found a staircase to the Snake Pit.
 15270 | Lair:4   | Reached skill level 16 in Axes
 16110 | Lair:5   | Received a gift from Okawaru
 16309 | Lair:6   | Entered Level 6 of the Lair of Beasts
 16337 | Lair:6   | Found a viscous altar of Jiyva.
 16338 | Lair:6   | Found a staircase to the Slime Pits.
 16416 | Lair:6   | Reached skill level 10 in Invocations
 16941 | Lair:6   | Reached XP level 14. HP: 69/127 MP: 20/20
 17058 | Lair:6   | Received a gift from Okawaru
 17060 | Lair:6   | Reached skill level 17 in Axes
 18113 | Lair:6   | Noticed an acid blob
 18120 | Lair:6   | Killed an acid blob
 18928 | Snake:1  | Entered Level 1 of the Snake Pit
 19430 | Snake:1  | Found Arghudec's Book Shoppe.
 19460 | Snake:1  | Noticed Rupert
 19477 | Snake:1  | Killed Rupert
 19477 | Snake:1  | Reached skill level 18 in Axes
 19481 | Snake:1  | Noticed Aizul
 19495 | Snake:1  | Killed Aizul
 19567 | Snake:1  | Noticed Nikola
 19584 | Snake:1  | Killed Nikola
 19584 | Snake:1  | Received a gift from Okawaru
 19914 | Lair:4   | Upgraded the game from 0.19-a0-1932-g59670f6 to 0.19-a0-1937-g70ed36a
 20133 | Snake:1  | Noticed Agnes
 20154 | Snake:1  | Reached XP level 15. HP: 117/137 MP: 22/22
 20182 | Snake:1  | Killed Agnes
 21178 | Snake:2  | Noticed Roxanne
 21199 | Snake:2  | Killed Roxanne
 21199 | Snake:2  | Received a gift from Okawaru
 21200 | Snake:2  | Got a jewelled hat {god gift}
 21399 | Snake:2  | Identified the +2 hat of Vitic {MR+ Int+2} (Okawaru gifted it to you on level 2 of the Snake Pit)
 22354 | Snake:3  | Reached skill level 19 in Axes
 22771 | Snake:3  | Found Etuakam's Distillery.
 23465 | Snake:4  | Entered Level 4 of the Snake Pit
 23493 | Snake:4  | Noticed a nagaraja
 23506 | Snake:4  | Killed a nagaraja
 23566 | Snake:4  | Received a gift from Okawaru
 23755 | Snake:4  | Reached skill level 15 in Armour
 23901 | Snake:4  | Reached XP level 16. HP: 98/147 MP: 22/24
 24924 | Snake:4  | Reached skill level 20 in Axes
 25939 | Snake:4  | Reached skill level 15 in Fighting
 25977 | Snake:4  | Received a gift from Okawaru
 26829 | Snake:4  | Got a serpentine rune of Zot
 27294 | Shoals:1 | Entered Level 1 of the Shoals
 27484 | Shoals:1 | Noticed Frances
 27505 | Shoals:1 | Killed Frances
 27937 | Shoals:1 | Reached XP level 17. HP: 155/157 MP: 25/25
 27963 | Shoals:1 | Found a shimmering altar of Xom.
 28140 | Shoals:1 | Received a gift from Okawaru
 29832 | Shoals:3 | Noticed Ilsuiw
 29865 | Shoals:3 | Killed Ilsuiw
 29882 | Shoals:3 | Noticed a kraken
 29903 | Shoals:3 | Killed a kraken
 30393 | Shoals:3 | Found Zofanwoc's General Store.
 30424 | Shoals:3 | Reached skill level 21 in Axes
 31214 | Shoals:3 | Received a gift from Okawaru
 31482 | Orc:1    | Entered Level 1 of the Orcish Mines
 32188 | Orc:2    | Entered Level 2 of the Orcish Mines
 32209 | Orc:2    | Reached skill level 15 in Shields
 32217 | Orc:2    | Found Dotzarphe's Antique Armour Emporium.
 32220 | Orc:2    | Noticed Pinechild's ghost (journeyman VSAs)
 32232 | Orc:2    | Killed Pinechild's ghost
 32319 | Orc:2    | Found Siec's General Store.
 32340 | Orc:2    | Bought a potion of curing for 48 gold pieces
 32510 | Orc:2    | Found Asekhlih's Jewellery Shop.
 32562 | Orc:2    | Bought an uncursed ring of see invisible for 165 gold pieces
 32707 | Orc:2    | Found Zethedar's Antique Weapon Boutique.
 32767 | Orc:2    | Found Ahoulatz's Armour Shop.
 32768 | Orc:2    | Found a staircase to the Elven Halls.
 32994 | D:11     | Noticed Harold
 33008 | D:11     | Killed Harold
 33175 | D:11     | Received a gift from Okawaru
 33608 | D:11     | Gained mutation: Your mind is acute. (Int +2) [potion of beneficial mutation]
 33862 | D:12     | Reached XP level 18. HP: 152/168 MP: 26/26
 34750 | D:13     | Found a gate to the Vaults.
 36260 | D:15     | Entered Level 15 of the Dungeon
 36340 | D:15     | Found a staircase to the Depths.
 37294 | D:15     | Found a portal to a secret trove of treasure.
 37877 | Shoals:4 | Entered Level 4 of the Shoals
 38050 | Shoals:3 | Received a gift from Okawaru
 38051 | Shoals:3 | Got a polished executioner's axe {god gift}
 38640 | Shoals:4 | Received a gift from Okawaru
 38864 | Shoals:4 | Got a coiled brass amulet
 38931 | Shoals:4 | Got a barnacled rune of Zot
 39139 | D:10     | Upgraded the game from 0.19-a0-1937-g70ed36a to 0.20-a0
 39320 | Vaults:1 | Entered Level 1 of the Vaults
 39698 | Vaults:1 | Reached XP level 19. HP: 152/177 MP: 27/27
 39871 | Vaults:1 | Received a gift from Okawaru
 39882 | Vaults:1 | Got an ancient chain mail {god gift}
 40058 | Vaults:1 | Reached skill level 22 in Axes
 41243 | Vaults:2 | Identified the amulet of Eveis {+Rage Int+7 Dex+3} (You took it off a merfolk aquamancer on level 4 of the Shoals)
 41568 | Vaults:2 | Received a gift from Okawaru
 41587 | Vaults:2 | Got a bloodstained scale mail {god gift}
 42623 | Vaults:2 | Identified the +8 chain mail "Nioxt" {Str+3} (Okawaru gifted it to you on level 1 of the Vaults)
 42633 | Vaults:2 | Identified the +1 scale mail of Tartarus {rF+} (Okawaru gifted it to you on level 2 of the Vaults)
 42936 | Vaults:2 | Identified the +2 executioner's axe of Okawaru's Delight {antimagic, SInv} (Okawaru gifted it to you on level 3 of the Shoals)
 43030 | Vaults:3 | Reached XP level 20. HP: 140/189 MP: 28/28
 43476 | Vaults:3 | Received a gift from Okawaru
 43831 | Vaults:3 | Received a gift from Okawaru
 44361 | Vaults:3 | Found a staircase to the Crypt.
 45010 | Vaults:4 | Received a gift from Okawaru
 45274 | Vaults:4 | Noticed Xtahua
 45286 | Vaults:4 | Killed Xtahua
 45329 | Vaults:4 | Noticed Frederick
 45347 | Vaults:4 | Killed Frederick
 45702 | Vaults:4 | Reached skill level 23 in Axes
 46542 | Vaults:4 | Found Ihideili's Distillery.
 46550 | Vaults:4 | Bought a potion of haste for 180 gold pieces
 46575 | Vaults:4 | Reached XP level 21. HP: 198/198 MP: 29/29
 46797 | Vaults:5 | Entered Level 5 of the Vaults
 46797 | Vaults:5 | Noticed a golden dragon
 46804 | Vaults:5 | Noticed Jorgrun
 46855 | Vaults:5 | Received a gift from Okawaru
 46973 | Vaults:5 | Noticed a golden dragon
 46987 | Vaults:5 | Killed from afar by a deep elf elementalist

Vault maps used:
D:1:      dpeg_arrival_simpleton_b
D:2:      kennysheep_okawaru_gauntlet, xom_redecorated,
          nicolae_overflow_crystal_walls, uniq_terence
D:3:      eino_curves_04
D:4:      kennysheep_mini, led_sif_pool, first_bread, kennysheep_boxes
D:5:      kennysheep_slugbush, minivault_4, serial_park_tiny_pond,
          kennysheep_generic_room_11
D:6:      cheibrodos_iron_armory, grunt_temple_overflow_open, hex_large
D:7:      grunt_temple_overflow_diamond, roderic_serpentine_path
D:8:      minivault_22, uniq_pikel
D:9:      hangedman_pestilent_swarm, billiards_dpeg, uniq_maurice, uniq_erolcha
D:10:     lair_0_dummy, orc_0_dummy
D:11:     uniq_harold
D:13:     david_vaults_5
D:14:     statuecave_lemuel, kennysheep_minor_cross, kennysheep_dice
D:15:     grunt_enter_depths_snipers, nicolae_trove_entry_path_of_doom,
          small_statue_alley_a
Lair:1:   nicolae_lair_grove_arrangements, infiniplex_staircase_pool,
          grunt_megastairs_2
Lair:2:   infiniplex_staircase_pool_2
Lair:3:   elwin_shoals_entry_rooms
Lair:4:   dummy_snake_entry, uniq_kirke
Lair:5:   minmay_lair_drake_nest
Lair:6:   minmay_lair_end_enchanted_forest, slime_altar_1
Shoals:1: lemuel_centaur_altar, uniq_frances
Shoals:3: serial_shops, nicolae_shop_trees, st_shoals_ruin, uniq_ilsuiw
Shoals:4: shoals_end_grunt_garden, shoal_ilsuiw
Snake:1:  serial_shops, shop_coins, uniq_aizul, uniq_agnes, uniq_nikola,
          uniq_rupert
Snake:2:  uniq_roxanne
Snake:3:  serial_shops, nicolae_shop_trees, portal_ice_cave_entry_pillars_1
Snake:4:  minmay_snake_end_coiled, grunt_ministairs_1, st_stairs_14,
          guppyfry_library_mini
Orc:2:    grunt_orc_gardens, grunt_orc_garden, grunt_orc_garden,
          grunt_orc_garden, grunt_orc_garden, serial_shops, shop
Vaults:1: nicolae_vaults_rhombus_6, nicolae_vaults_little_ls, vaults_dpeg_cross,
          vaults_room_pools, nicolae_vaults_little_squares_4,
          dpeg_vaults_monster_box, vaults_room_corners, hangedman_vaults_stream,
          v_rooms_1, ontoclasm_vaults_shuriken, nicolae_vaults_little_squares_4
Vaults:2: hangedman_vaults_stitches, vaults_mumra_minichess_inversion,
          v_rooms_6, nicolae_vaults_angled_halls, v_pattern_2,
          vaults_mumra_minichess, vaults_room_fours, vaults_room_door_ring
Vaults:3: vaults_room_ringed_pool, vaults_room_hallway, blue_anna_dwarven_crypt,
          st_cross, vaults_room_octagon, v_misc_10, vaults_room_pool, v_misc_26,
          v_alt_pattern_2
Vaults:4: vaults_mumra_hexcomb, vaults_standard_mumra_x,
          nicolae_vaults_network_square, v_pattern_5,
          ontoclasm_vaults_ring_small, v_misc_11, st_more_cells, v_misc_24,
          v_misc_18, nicolae_vaults_rhombus_5, serial_shops, shop,
          uniq_frederick, uniq_xtahua
Vaults:5: serial_shops, uniq_jorgrun

Skill      XL: |  1  2  3  4  5  6  7  8  9 10 11 12 13 14 15 16 17 18 19 20 21 |
---------------+----------------------------------------------------------------+-----
Armour         | 4 5 6 7 8 9 10 12 13 14 15 16 17 18 19 | 19.8
Axes           | 3 4 5 6 8 10 12 13 15 16 18 19 20 21 22 23 | 23.3
Fighting       | 4 5 6 8 9 10 11 12 13 14 15 16 17 18 19 | 19.6
Shields        | 4 5 6 7 9 10 11 13 15 17 19 20 21 | 21.4
Invocations    | 1 2 3 4 5 6 7 8 10 11 12 | 12.6

Action                   |  1- 3 |  4- 6 |  7- 9 | 10-12 | 13-15 | 16-18 | 19-21 || total
-------------------------+-------+-------+-------+-------+-------+-------+-------++-------
Melee: War axe           |    64 |   159 |   449 |   451 |       |       |       ||  1123
       Headbutt          |    14 |    23 |    78 |   140 |   199 |   435 |   391 ||  1280
       Battleaxe         |       |       |       |   120 |    35 |       |       ||   155
       Morningstar       |       |       |       |    13 |     8 |     6 |       ||    27
       Broad axe         |       |       |       |       |  1026 |  1902 |  1367 ||  4295
       Punch             |       |       |       |       |     6 |       |       ||     6
Invok: Heroism           |       |       |     2 |     4 |    14 |    12 |     9 ||    41
       Finesse           |       |       |       |     1 |     5 |     4 |     4 ||    14
 Abil: Evoke Flight      |       |       |       |       |       |     1 |       ||     1
  Use: Scroll            |       |     1 |    10 |     8 |    11 |     7 |    11 ||    48
       Potion            |       |     1 |       |     3 |     4 |     6 |     9 ||    23
  Eat: Chunk             |       |     6 |    15 |    13 |    13 |    31 |    16 ||    94
       Beef jerky        |       |     1 |       |     2 |     4 |     1 |     1 ||     9
       Fruit             |       |       |     4 |     1 |     2 |     9 |       ||    16
       Meat ration       |       |       |       |     1 |     1 |       |       ||     2
       Pizza             |       |       |       |       |     3 |     2 |     1 ||     6
       Royal jelly       |       |       |       |       |     1 |     2 |     2 ||     5
       Bread ration      |       |       |       |       |       |     1 |       ||     1
Armor: Scale mail        |     3 |       |       |       |       |       |       ||     3
       Chain mail        |    14 |    64 |       |       |       |       |       ||    78
       Plate armour      |       |    29 |   188 |   234 |   316 |    33 |       ||   800
       Crystal plate arm |       |       |       |       |       |   437 |   216 ||   653
Dodge: Dodged            |    12 |    26 |    64 |   109 |   175 |   164 |    88 ||   638
Block: Shield            |    35 |   100 |   189 |   219 |   204 |  1104 |   633 ||  2484
       Other             |       |       |       |    31 |   101 |       |       ||   132
       Reflection        |       |       |       |       |    26 |   267 |    68 ||   361
